 Dungeon Crawl Stone Soup version 0.31.0-32-g396128a36d (webtiles) character file.

Game seed: 9893170299318110413

21 booth the Chopper (level 2, 0/22 HPs)
             Began as a Demonspawn Gladiator on Apr 19, 2024.
             Engulfed by a cloud of flame (22 damage)
             ... on level 1 of the Dungeon.
             The game lasted 00:04:16 (777 turns).

booth the Chopper (Demonspawn Gladiator)             Turns: 777, Time: 00:04:17

Health: 0/22       AC:  6    Str: 14    XL:     2   Next: 62%
Magic:  2/2        EV: 11    Int:  8    God:
Gold:   47         SH:  0    Dex: 14    Spells: 1/1 levels left

rFire   . . .        a - +0 war axe
rCold   . . .        (no shield)
rNeg    . . .        j - +0 ring mail
rPois   .            c - +0 helmet
rElec   .            (no cloak)
rCorr   .            (no gloves)
SInv    .            (no boots)
Will    .....        (no amulet)
Stlth   +            (no ring)
HPRegen 0.23/turn    (no ring)
MPRegen 0.08/turn

%: no passive effects
@: no status effects
A: demonic touch 1
a: no special abilities


You were on level 1 of the Dungeon.
You visited 1 branch of the dungeon, and saw 1 of its levels.

You collected 47 gold pieces.

Inventory:

Hand Weapons
 a - a +0 war axe (weapon)
Missiles
 d - 3 throwing nets (quivered)
 e - a javelin
 h - 2 poisoned darts
Armour
 c - a +0 helmet (worn)
 j - a +0 ring mail (worn)
Scrolls
 i - 2 scrolls of teleportation {unknown}
Potions
 b - a potion of might {unknown}
 f - a potion of degeneration {unknown}
 g - a potion of attraction {unknown}


   Skills:
 + Level 2.3 Fighting
 * Level 3.0 Axes
 + Level 2.1 Throwing
 - Level 2.8 Dodging


You had one spell level left.
You didn't know any spells.
Your spell library was empty.

Dungeon Overview and Level Annotations

Branches:
Dungeon (1/15)

Altars:


Innate Abilities, Weirdness & Mutations

Your touch may inflict minor irresistible damage on your foes.


Message History

You kill the endoplasm!
You see here a +0 ring mail.
j - a +0 ring mail You start removing your armour.
You continue taking off your +0 leather armour. x4
You finish taking off your +0 leather armour.
You start putting on your armour.
You continue putting on your +0 ring mail. x5
You finish putting on your +0 ring mail.
You drop a +0 leather armour.
b - a sapphire potion
There is an open door here.
A ball python comes into view.
The ball python hisses angrily.
The ball python barely misses you. The ball python grabs you.
The ball python constricts you.
You barely miss the ball python. The ball python completely misses you.
The ball python constricts you.
You barely miss the ball python.
You touch the ball python.
You kill the ball python!
You see here a ball python corpse.
You see here a ball python corpse.
You see here an orb of energy.
Press: ? - help, v - describe, . - travel, g - get item Item here: an orb of energy.
The floor.
i - 2 scrolls labelled FIMEAM GIPH (gained 1)
Things that are here:
a +0 dagger; a kobold skeleton
Things that are here:
a +0 dagger of speed; 3 stones; a kobold skeleton
Things that are here:
a +0 dagger of speed; 3 stones; a kobold skeleton You see here a +0 leather armour.
There is an open door here.
You see here a ball python skeleton.
Partly explored, can't reach some items and places.
You are engulfed in blazing flames.
Ouch! That really hurt!
You die...

.....##....###................#
.....##....##..###.############
#######........)...#
#######....#..######
..................#
########......>...#
#....#...#........##
#....#.###.#####...# #......#
#.# #@°§# ###....# #.# #○☼☼#
.#.....###.# #○§☼#
.#.#...##..#####...#
...#...##...§§☼...$.
..##...##...§°☼...$.○
.###...##....○§.....§○
.########..#####...####
...÷.......# #§§○#


There were no monsters in sight!

Vanquished Creatures
  2 endoplasms (D:1)
  3 hobgoblins (D:1)
  A quokka (D:1)
  5 ball pythons (D:1)
  2 bats (D:1)
  A frilled lizard (D:1)
  2 kobolds (D:1)
  3 rats (D:1)
19 creatures vanquished.

Vanquished Creatures (others)
  A giant cockroach (D:1)
1 creature vanquished.

Grand Total: 20 creatures vanquished

Notes
Turn   | Place    | Note
-------+----------+-------------------------------------------
     0 | D:1      | booth the Demonspawn Gladiator began the quest for the Orb.
     0 | D:1      | Reached XP level 1. HP: 16/16 MP: 1/1
   121 | D:1      | Gained mutation: Your touch may inflict minor irresistible
                  | damage on your foes. [demonic ancestry]
   121 | D:1      | Reached XP level 2. HP: 22/22 MP: 2/2
   364 | D:1      | Reached skill level 3 in Axes
   777 | D:1      | Engulfed by a cloud of flame

Illustrated notes

Levels and vault maps discovered:
D:1:      dpeg_arrival_rooms_c, layout_basic, nrook_mini_backslash,
          lemuel_flame_loot_1

Skill      XL: |  1  2 |
---------------+-------+-----
Throwing       | 2 |  2.1
Axes           | 3 |  3.0
Fighting       | |  2.3
Dodging        | |  2.8

Action                     || total
---------------------------++-------
  Melee: War axe           ||    43
         Touch             ||     5
 Armour: Leather armour    ||    20
         Ring mail         ||     1
  Dodge: Dodged            ||    38
